[Event "Early-Titled-Tuesday-Blitz-March-26-2024"]
[Site "Chess.com"]
[Date "2024.03.26"]
[Round "7"]
[White "Brahianzevich"]
[Black "Vahe_Danielyan"]
[Result "1-0"]
[WhiteElo "2470"]
[BlackElo "2613"]
[TimeControl "180+1"]
[EndTime "9:14:12 PDT"]
[Termination "Brahianzevich won on time"]

1. e4 c6 2. d4 d5 3. Nc3 dxe4 4.
Nxe4 Nf6 5. Nxf6+ exf6 6. c3 Bd6 7. Bd3 O-O 8. Ne2 Re8 9. Qc2 h5 10. Be3 Na6 11. O-O-O Nc7 12. Kb1 b5 13. Ng3 h4 14. Nf5 Bxf5 15. Bxf5 Nd5 16. Bc1 Qc7 17. g3 g6 18. Bh3 b4 19. c4 b3 20. Qxb3 Rab8 21.
Qf3 Nb4 22. gxh4 Qa5 23. a3 Na6 24. c5 Bf8 25. h5 Qa4 26. hxg6 fxg6 27. Qxf6 1-0

[Event "Early-Titled-Tuesday-Blitz-March-26-2024"]
[Site "Chess.com"]
[Date "2024.03.26"]
[Round "7"]
[White "kingofthenil"]
[Black "bazar-wokzal"]
[Result "1-0"]
[WhiteElo "2782"]
[BlackElo "2573"]
[TimeControl "180+1"]
[EndTime "9:14:16 PDT"]
[Termination "kingofthenil won by resignation"]

1. d4 Nf6 2. Nc3 d5 3. Bg5 Nbd7 4. h4 c6 5. Qd2 b5 6. a3 a5 7. Nf3 Bb7 8. Qf4 b4 9. Na4 Ne4 10. h5 Qb8 11. Qxb8+ Rxb8 12. Bf4 Ra8 13. e3 e6 14.
Bd3 Nd6 15. h6 g6 16. Nc5 Nxc5 17.
dxc5 Nf5 18. axb4 axb4 19. Rxa8+ Bxa8 20. g4 Ne7 21. Be5 Rg8 22. Ng5 f6 23. Bxf6 Nc8 24. Nxh7 Bxc5 25. Ng5 Be7 26. h7 Rf8 27. Bxe7 Kxe7 28.
h8=Q Rxh8 29. Rxh8 Nb6 30. Rb8 1-0

[Event "Early-Titled-Tuesday-Blitz-March-26-2024"]
[Site "Chess.com"]
[Date "2024.03.26"]
[Round "7"]
[White "PavelShkapenko"]
[Black "Slovineanu"]
[Result "1/2-1/2"]
[WhiteElo "2750"]
[BlackElo "2532"]
[TimeControl "180+1"]
[EndTime "9:14:16 PDT"]
[Termination "Game drawn by agreement"]

1. e4 e5 2. Nf3 Nc6 3. g3 Bc5 4.
Bg2 Nge7 5. O-O d6 6. c3 a6 7.
d4 Ba7 8. dxe5 Nxe5 9. Nxe5 dxe5 10. Qxd8+ Kxd8 11. Nd2 Be6 12. Rd1 Ke8 13. Bf1 f6 14.
Bc4 Kf7 15. Bxe6+ Kxe6 16. Nc4 Nc6 17. Ne3 Bxe3 18. Bxe3 Rhd8 19. Kf1 Rxd1+ 20. Rxd1 Rd8 21. Rb1 b5 22. a4 b4 23. cxb4 Nxb4 24. Rc1 c6 25.
Ke2 Rb8 26. Rd1 Nc2 27. Bc5 Rxb2 28. Rd6+ Kf7 29. Kd3 Nd4 30. f4 Rxh2 31. f5 g6 32. Bxd4 exd4 33. Rxc6 Rh3 34. Rxa6 Rxg3+ 35. Kxd4 gxf5 36.
exf5 h5 37. Ra7+ Kg8 1/2-1/2

[Event "Early-Titled-Tuesday-Blitz-March-26-2024"]
[Site "Chess.com"]
[Date "2024.03.26"]
[Round "7"]
[White "scarabee43"]
[Black "Kazmin_Semyon"]
[Result "1/2-1/2"]
[WhiteElo "2849"]
[BlackElo "2596"]
[TimeControl "180+1"]
[EndTime "9:14:18 PDT"]
[Termination "Game drawn by repetition"]

1. Nf3 Nf6 2. c4 e6 3. Nc3 d5 4.
e3 b6 5. b3 Bb7 6. Bb2 c5 7.
cxd5 Nxd5 8. Bb5+ Nc6 9. Ne5 Qc7 10. Nxd5 exd5 11. Qf3 a6 12. Bxc6+ Bxc6 13. Nxc6 Qxc6 14. O-O f6 15. d4 Be7 16. dxc5 bxc5 17. Rfd1 Rd8 18. Qh5+ g6 19. Qh6 Kf7 20. Rac1 Qe6 21. h3 Qf5 22. Qh4 Qe4 23. Qxe4 dxe4 24. Kf1 Rxd1+ 25. Rxd1 Rd8 26. Rxd8 Bxd8 27. Ke2 Ke6 28.
f3 Kd5 29. Bc3 f5 30. g4 h5 31. gxf5 gxf5 32. Be1 Be7 33. fxe4+ Kxe4 34. Ba5 Bg5 35. Bd2 Bh6 36. Bc1 Bg5 37. a4 Bh6 38. Bd2 Bg5 39. Bc1 Bh6 40. Bd2 Bg5 41. Bc1 1/2-1/2

[Event "Early-Titled-Tuesday-Blitz-March-26-2024"]
[Site "Chess.com"]
[Date "2024.03.26"]
[Round "7"]
[White "Nf3c5"]
[Black "Anton_Demchenko"]
[Result "0-1"]
[WhiteElo "2542"]
[BlackElo "2983"]
[TimeControl "180+1"]
[EndTime "9:14:20 PDT"]
[Termination "Anton_Demchenko won on time"]

1. e4 c5 2. Nf3 d6 3. d4 cxd4 4. Nxd4 Nf6 5. Nc3 Nc6 6. Bc4 Bd7 7. O-O e6 8. Ndb5 Qb8 9. Bf4 Ne5 10. Bb3 a6 11. Nd4 Be7 12. Bg3 Nc6 13. f4 Qc7 14. Nf3 Nh5 15. f5 Nxg3 16. hxg3 Bf6 17.
g4 h6 18. Qd2 Ne5 19. Nd4 Nc4 20. Qf2 Qc5 21. Rad1 Nxb2 22. fxe6 fxe6 23. Bxe6 Bxe6 24. Nxe6 Qxf2+ 25. Rxf2 Nxd1 26. Nxd1 Kd7 0-1

[Event "Early-Titled-Tuesday-Blitz-March-26-2024"]
[Site "Chess.com"]
[Date "2024.03.26"]
[Round "7"]
[White "CFalcons8"]
[Black "nabukatnezarr"]
[Result "0-1"]
[WhiteElo "2408"]
[BlackElo "2597"]
[TimeControl "180+1"]
[EndTime "9:14:21 PDT"]
[Termination "nabukatnezarr won by resignation"]

1. e4 e5 2. Nf3 Nc6 3. Bb5 a6 4.
Ba4 Nf6 5. O-O b5 6. Bb3 Be7 7.
Re1 d6 8. c3 O-O 9. h3 Nb8 10.
d4 Nbd7 11. Nbd2 Bb7 12. Bc2 c5 13. Nf1 Qc7 14. g4 Rac8 15. d5 c4 16. Ng3 Nc5 17. g5 Nfd7 18. Nf5 Rfe8 19. Kh2 Bf8 20. Rg1 Kh8 21. N3h4 g6 22. Ne3 Bg7 23. Qf3 Rf8 24. Ng4 f6 25. gxf6 Nxf6 26. Nxf6 Rxf6 27. Qg3 Nd3 28.
Bxd3 cxd3 29. Bg5 Rf7 30. Qxd3 Rxf2+ 31. Rg2 Rcf8 32. Be3 Rxg2+ 33. Kxg2 Bc8 34. Rf1 Rxf1 35. Qxf1 Qd7 36. Qf3 Qe7 37. Qg3 Bd7 38. Bg5 Qe8 39. Qf2 Kg8 40. Bf6 Bh6 41. Qg3 Bf4 42. Qf2 Qf8 0-1

[Event "Early-Titled-Tuesday-Blitz-March-26-2024"]
[Site "Chess.com"]
[Date "2024.03.26"]
[Round "7"]
[White "ajedrezsinlimites"]
[Black "MNyuyu"]
[Result "1-0"]
[WhiteElo "2628"]
[BlackElo "2410"]
[TimeControl "180+1"]
[EndTime "9:14:23 PDT"]
[Termination "ajedrezsinlimites won by resignation"]

1. e4 d5 2. exd5 Qxd5 3. Nc3 Qd8 4. Nf3 Bg4 5. h3 Bxf3 6. Qxf3 c6 7. d4 e6 8. Bf4 Nf6 9. O-O-O Nbd7 10. g4 Bb4 11. h4 Qa5 12. g5 Nd5 13. Nxd5 Qxd5 14. Qxd5 cxd5 15. Bb5 a6 16. Bd3 b5 17. h5 Ke7 18. c3 Bd6 19. Bd2 Rac8 20. Kb1 Nb6 21. b3 Nd7 22. Rde1 h6 23. f4 hxg5 24. fxg5 f6 25.
Bf5 e5 26. h6 Rcg8 27. h7 Rd8 28. gxf6+ gxf6 29. Reg1 Rdf8 30. Rg7+ 1-0

[Event "Early-Titled-Tuesday-Blitz-March-26-2024"]
[Site "Chess.com"]
[Date "2024.03.26"]
[Round "7"]
[White "MikeWizard"]
[Black "orkinyo12345"]
[Result "0-1"]
[WhiteElo "2088"]
[BlackElo "2521"]
[TimeControl "180+1"]
[EndTime "9:14:24 PDT"]
[Termination "orkinyo12345 won by resignation"]

1. d4 Nf6 2. c4 e6 3. Nf3 d5 4.
cxd5 exd5 5. Bg5 c6 6. Qc2 Bd6 7. e3 h6 8. Bh4 O-O 9. Bd3 Re8 10.
O-O Na6 11. a3 Nc7 12. Nbd2 Bg4 13. h3 Bxf3 14. Nxf3 g5 15. Bg3 Bxg3 16. fxg3 Rxe3 17. Ne5 Ne6 18. Qf2 Rxd3 19. Nxd3 Kg7 20. Ne5 Qe7 21. Rae1 Rf8 22. Kh2 Ne4 23. Qe3 f5 24. b4 Qd6 25.
Rc1 a6 26. Rc2 f4 27. gxf4 gxf4 28. Qg1 Ng3 29. Rf3 Nf5 30. Rd2 Nfxd4 31. Rxd4 Qxe5 32. Rd1 Ng5 33. Rf2 f3+ 34. g3 Ne4 35. Qe1 Qxg3+ 36. Kh1 Nxf2+ 37. Qxf2 Qxf2 0-1

[Event "Early-Titled-Tuesday-Blitz-March-26-2024"]
[Site "Chess.com"]
[Date "2024.03.26"]
[Round "7"]
[White "Matibar"]
[Black "imdvb6307"]
[Result "1-0"]
[WhiteElo "2724"]
[BlackElo "2510"]
[TimeControl "180+1"]
[EndTime "9:14:28 PDT"]
[Termination "Matibar won on time"]

1. Nf3 d5 2. b3 Bg4 3. e3 e6 4. Bb2 Nd7 5. c4 c6 6. Nc3 Ngf6 7. h3 Bh5 8. d4 Ne4 9. a3 Bd6 10. Nxe4 dxe4 11. g4 exf3 12. gxh5 Qa5+ 13. Qd2 Qxh5 14. O-O-O O-O-O 15. Rg1 Nf6 16. Qc2 Rhg8 17. Kb1 e5 18. d5 cxd5 19. cxd5+ Kb8 20. e4 Qh4 21. Bd3 Nd7 22. Rg3 Rc8 23. Qd2 f6 24. Rxf3 g5 25. b4 Nb6 26. Rxf6 Rcd8 27. Rxd6 Rxd6 28. Bxe5 Nc8 29.
Qe3 Qh6 30. Qg3 Ka8 31. Bxd6 Nxd6 32. e5 Nf7 33. e6 1-0

[Event "Early-Titled-Tuesday-Blitz-March-26-2024"]
[Site "Chess.com"]
[Date "2024.03.26"]
[Round "7"]
[White "Yeritsyaan"]
[Black "ATM622"]
[Result "0-1"]
[WhiteElo "2651"]
[BlackElo "2511"]
[TimeControl "180+1"]
[EndTime "9:14:28 PDT"]
[Termination "ATM622 won by resignation"]

1. Nf3 Nf6 2. b3 g6 3. Bb2 Bg7 4. e4 d6 5. d3 e5 6. Nbd2 O-O 7. g3 Re8 8. Bg2 Nbd7 9. O-O b6 10. a4 a5 11. Nc4 Ba6 12. h3 Bxc4 13. bxc4 Nc5 14. Nd2 Qd7 15. f4 Nh5 16. f5 Nxg3 17. Rf3 Nh5 18.
Qf1 Nxa4 19. Bc1 Nf4 20. Nb3 g5 21. Kh2 Bf6 22. Rg3 Kh8 23. Bf3 Nc5 24. Nxc5 bxc5 25. h4 Rg8 26. hxg5 Rxg5 27. Rxg5 Bxg5 28. Bd2 a4 29.
Qf2 f6 30. Kh1 Qg7 31. Qg3 Qh6+ 32. Kg1 Nh3+ 33. Kg2 Bxd2 34. Qxh3 Rg8+ 35. Bg4 Qf4 0-1

[Event "Early-Titled-Tuesday-Blitz-March-26-2024"]
[Site "Chess.com"]
[Date "2024.03.26"]
[Round "7"]
[White "Firouzja2003"]
[Black "jcibarra"]
[Result "1-0"]
[WhiteElo "3093"]
[BlackElo "3005"]
[TimeControl "180+1"]
[EndTime "9:14:30 PDT"]
[Termination "Firouzja2003 won on time"]

1. e4 c5 2. Nf3 e6 3. g3 Nc6 4.
Bg2 Nf6 5. d3 d5 6. Qe2 g6 7.
O-O Bg7 8. c3 O-O 9. e5 Ng4 10. d4 cxd4 11. cxd4 f6 12. h3 Ngxe5 13. dxe5 fxe5 14. Nc3 Nd4 15. Nxd4 exd4 16. Na4 b6 17. Bf4 Bd7 18. b3 Rf5 19. Nb2 Qe8 20. Rfe1 Rc8 21. h4 Rc3 22. Rad1 Qc8 23. Nd3 Bb5 24. Bh3 e5 25. Bxe5 Bxd3 26. Rxd3 Rxe5 27. Qxe5 Bxe5 28. Bxc8 Rxd3 29. Rxe5 Rc3 30. Ba6 1-0

[Event "Early-Titled-Tuesday-Blitz-March-26-2024"]
[Site "Chess.com"]
[Date "2024.03.26"]
[Round "7"]
[White "ACollins05"]
[Black "Karttunen"]
[Result "1/2-1/2"]
[WhiteElo "2519"]
[BlackElo "2731"]
[TimeControl "180+1"]
[EndTime "9:14:36 PDT"]
[Termination "Game drawn by repetition"]

1. Nf3 Nf6 2. e3 d5 3. b3 e6 4.
Bb2 Be7 5. Be2 O-O 6. O-O c5 7. d4 Nc6 8. c4 cxd4 9. Nxd4 Nxd4 10. Qxd4 dxc4 11. Bxc4 Qxd4 12. Bxd4 Bd7 13. Nc3 Bc6 14.
Bb5 Bxb5 15. Nxb5 a6 16. Nc3 Rac8 17. Na4 Nd5 18. Rac1 Ba3 19. Rxc8 Rxc8 20. Rd1 Rc2 21. e4 Nf4 22. Bc5 Bxc5 23. Nxc5 g5 24. Nxb7 Rxa2 25. Nc5 a5 26. g3 Ne2+ 27. Kg2 e5 28. Rd5 f6 29.
Nb7 Nc3 30. Rxa5 Rb2 31. Nc5 Nd1 32. Ra8+ Kf7 33. Ra7+ Ke8 34. Rxh7 Rxf2+ 35. Kg1 Rc2 36. Ne6 Ne3 37. Ng7+ Kd8 38. Ne6+ Kc8 39. Rf7 Rg2+ 40. Kh1 Rf2 41. h4 g4 42. h5 Rf1+ 43. Kh2 Rf2+ 44.
Kg1 Rf1+ 45. Kh2 Rf2+ 46. Kh1 Rf1+ 47. Kh2 1/2-1/2

[Event "Early-Titled-Tuesday-Blitz-March-26-2024"]
[Site "Chess.com"]
[Date "2024.03.26"]
[Round "7"]
[White "Aradhya2000"]
[Black "TimGrutter03"]
[Result "1-0"]
[WhiteElo "2745"]
[BlackElo "2559"]
[TimeControl "180+1"]
[EndTime "9:14:37 PDT"]
[Termination "Aradhya2000 won on time"]

1. d4 Nf6 2. c4 e6 3. Nc3 d5 4. cxd5 exd5 5. Bg5 Be7 6. e3 O-O 7. Bd3 Re8 8. Qc2 Nbd7 9. Nf3 c6 10. h3 h6 11. Bf4 Nf8 12. O-O Ne6 13. Bg3 Ng5 14. Ne5 Bd6 15. Rad1 Nge4 16. Bh2 Nxc3 17. bxc3 Qc7 18.
c4 dxc4 19. Bxc4 Be6 20. a4 Rad8 21. Bg3 Bxc4 22. Qxc4 Nd5 23. e4 Nb6 24. Qb3 Kf8 25. a5 Nc8 26. Bh4 Bxe5 27. Bxd8 Bh2+ 28. Kh1 Rxd8 29.
g3 Qxa5 30. Kxh2 Nd6 31. e5 Nf5 32. d5 cxd5 33. Qxb7 Qc5 34. Rc1 Qe7 35. Rc7 Qe6 36. Qxa7 Nd4 37. Qxd4 1-0

[Event "Early-Titled-Tuesday-Blitz-March-26-2024"]
[Site "Chess.com"]
[Date "2024.03.26"]
[Round "7"]
[White "iAspet"]
[Black "Stanbad1"]
[Result "0-1"]
[WhiteElo "2473"]
[BlackElo "2658"]
[TimeControl "180+1"]
[EndTime "9:14:37 PDT"]
[Termination "Stanbad1 won by resignation"]

1. Nf3 Nf6 2. c4 g6 3. Nc3 Bg7 4. d4 d6 5. e4 O-O 6. Be2 e5 7. d5 a5 8. Bg5 Na6 9. Nd2 Nc5 10. O-O h6 11. Be3 b6 12. a3 Nh7 13. b4 Nd7 14.
Nb3 f5 15. f3 f4 16. Bf2 Rf7 17. c5 Bf8 18. cxb6 cxb6 19. Nb5 Ba6 20. Rc1 Ndf6 21. Rc6 Rb8 22. bxa5 Bxb5 23. Bxb5 bxa5 24. a4 Ne8 25. Qd2 g5 26. Qxa5 Qf6 27. Rfc1 g4 28. Rc8 Rxc8 29.
Rxc8 Ng7 30. Qd8 Qg6 31. Kh1 gxf3 32. gxf3 Ng5 33. Be2 Nxe4 34. Bg1 Qh5 35. Kg2 Ng5 36. Rc7 e4 37. Rxf7 Qxf7 38. h4 exf3+ 39. Bxf3 Nxf3 40. Kxf3 Qxd5+ 41. Kxf4 Ne6+ 0-1

[Event "Early-Titled-Tuesday-Blitz-March-26-2024"]
[Site "Chess.com"]
[Date "2024.03.26"]
[Round "7"]
[White "MalyDominator"]
[Black "KVAIDAN"]
[Result "1-0"]
[WhiteElo "2572"]
[BlackElo "2358"]
[TimeControl "180+1"]
[EndTime "9:14:38 PDT"]
[Termination "MalyDominator won by checkmate"]

1. e4 e5 2. Nf3 d5 3. exd5 e4 4. Qe2 Nf6 5. d3 Bb4+ 6. c3 O-O 7. cxb4 exf3 8. Qxf3 c6 9. Bg5 Re8+ 10. Be2 Bg4 11.
Qxg4 Nxg4 12. Bxd8 Ne5 13. Bh4 Nxd3+ 14. Kd2 Nxb4 15. d6 Nd7 16. Bg4 Re4 17. f3 Rd4+ 18. Kc3 Rxd6 19. Kxb4 Nb6 20. Bg3 Rd3 21. Nc3 Rd2 22. Kb3 a5 23. a4 Rxg2 24. Rhg1 Rd2 25. Rad1 Rad8 26. Rxd2 Rxd2 27. Rd1 Rxd1 28. Nxd1 g6 29.
Bc7 Nd5 30. Bxa5 f5 31. Bh3 Kf7 32. Bf1 Nf4 33. Bd2 Nh5 34. Ne3 Ke6 35. Nc4 Kd5 36. Na5 b6 37. Nc4 b5 38. axb5 cxb5 39. Na5 Kc5 40. Be3+ Kd5 41. Bxb5 Nf6 42. Bc4+ Kd6 43.
Bd4 Nh5 44. Bg8 h6 45. Nc4+ Kc6 46. Ne5+ Kb5 47. Bc4+ Ka5 48. Nc6# 1-0

[Event "Early-Titled-Tuesday-Blitz-March-26-2024"]
[Site "Chess.com"]
[Date "2024.03.26"]
[Round "7"]
[White "arenal72"]
[Black "sergoy"]
[Result "0-1"]
[WhiteElo "2614"]
[BlackElo "2908"]
[TimeControl "180+1"]
[EndTime "9:14:39 PDT"]
[Termination "sergoy won on time"]

1. Nf3 d5 2. g3 g6 3. Bg2 Bg7 4. O-O e5 5. d3 Ne7 6. e4 Nbc6 7.
c3 O-O 8. a4 h6 9. exd5 Nxd5 10.
Nbd2 Bf5 11. Nc4 Qd7 12. Qe2 Rfe8 13. Rd1 Rad8 14. Nh4 Bg4 15. Bf3 Be6 16. Ne3 Nxe3 17. Bxe3 g5 18. Ng2 g4 19. Bxc6 Qxc6 20. a5 f5 21. Nh4 a6 22. f3 f4 23. Bf2 h5 24. Re1 Bf6 25. fxg4 hxg4 26. Ng6 Bf5 27. h4 Bxg6 28. Qxg4 Kh7 29. h5 Bxd3 30. Rad1 Qe6 31. Qf3 Bf5 32. Rxd8 Rxd8 33. gxf4 e4 34. Qe3 Rg8+ 35.
Kh1 Bg4 36. Rg1 Bf3+ 37. Kh2 Rxg1 38. Kxg1 Qg4+ 39. Kf1 Qg2+ 40. Ke1 Qh1+ 41. Bg1 Bh4+ 42. Kd2 Qg2+ 43. Kc1 Qf1+ 0-1

[Event "Early-Titled-Tuesday-Blitz-March-26-2024"]
[Site "Chess.com"]
[Date "2024.03.26"]
[Round "7"]
[White "Yaacovn"]
[Black "Adar_07"]
[Result "1-0"]
[WhiteElo "2909"]
[BlackElo "2794"]
[TimeControl "180+1"]
[EndTime "9:14:40 PDT"]
[Termination "Yaacovn won by resignation"]

1. d4 Nf6 2. e3 b6 3. Nf3 Bb7 4.
Be2 e6 5. O-O h6 6. b3 g5 7. Bb2 g4 8. Ne1 h5 9. c4 Rg8 10. Nc3 h4 11. d5 Bb4 12. dxe6 fxe6 13. Nd3 Bd6 14. Nf4 Na6 15. Nb5 Bxf4 16. exf4 g3 17.
fxg3 hxg3 18. h3 Qe7 19. Qd4 Rf8 20. f5 O-O-O 21. Bf3 exf5 22. Rae1 Ne4 23. Nxa7+ Kb8 24. Nb5 Nb4 25. Bxe4 fxe4 26. Ba3 Rxf1+ 27. Rxf1 Bc6 28. Nc3 Re8 29. Re1 Nc2 30. Bxe7 Nxd4 31. Bh4 Kb7 32. Bxg3 Rg8 33. Kh2 Nf5 34. Bf4 e3 35. Nd5 d6 36.
g4 Nd4 37. Rxe3 Rf8 38. Kg3 Nc2 39. Re7 Bxd5 40. cxd5 Nb4 41. Bxd6 Nxd5 42. Rxc7+ Nxc7 43. Bxf8 Ne6 44. Bd6 Kc6 45. Bf4 Kd5 46. Be3 Ke4 47. Bxb6 1-0

[Event "Early-Titled-Tuesday-Blitz-March-26-2024"]
[Site "Chess.com"]
[Date "2024.03.26"]
[Round "7"]
[White "ChristopherYoo"]
[Black "Dixit_Nikhil"]
[Result "1-0"]
[WhiteElo "2961"]
[BlackElo "2645"]
[TimeControl "180+1"]
[EndTime "9:14:41 PDT"]
[Termination "ChristopherYoo won by checkmate"]

1. Nf3 Nf6 2. g3 g6 3. Bg2 Bg7 4. O-O O-O 5. d4 d6 6. c4 Nc6 7. Nc3 e5 8. dxe5 dxe5 9. Be3 Be6 10. Qa4 Qc8 11. Rfd1 Rd8 12. Rxd8+ Qxd8 13. Rd1 Qe8 14.
Nd5 Rc8 15. Ng5 Bd7 16. Qb3 Nd4 17. Bxd4 exd4 18. Nxf6+ Bxf6 19. Ne4 Bg7 20. Qxb7 Bf5 21. Qa6 Bxe4 22. Bxe4 Rb8 23. Bf3 Rxb2 24. Qxa7 Qb8 25. Qxb8+ Rxb8 26. a4 Rb4 27. Ra1 d3 28. Ra2 dxe2 29.
Bxe2 Rb2 30. Rxb2 Bxb2 31. a5 Bd4 32. a6 Kf8 33. Kg2 Ke7 34. f4 f6 35. Kf3 Kd6 36. g4 g5 37. Ke4 Bg1 38. fxg5 fxg5 39. h3 Ke6 40. Bd1 h6 41. Ba4 Bc5 42. Bc6 Bb6 43. Bd5+ Kf6 44. Bg8 c6 45. Bd5 Ke7 46. Bxc6 Kd6 47.
Bb5 Kc7 48. Kf5 Bc5 49. Kg6 Be3 50. Kxh6 Kb6 51. Kh5 Bd2 52. h4 gxh4 53. Kxh4 Ka7 54. g5 Kb6 55. g6 Bc3 56. Kg5 Bg7 57. Kf5 Ka7 58. Ke6 Kb6 59. Kf7 Bh6 60. g7 Bxg7 61. Kxg7 Ka7 62. Kf6 Kb6 63. Kf5 Ka7 64. Ke6 Kb6 65.
Kd6 Ka7 66. Kc7 Ka8 67. Kb6 Kb8 68. a7+ Kc8 69. a8=R# 1-0

[Event "Early-Titled-Tuesday-Blitz-March-26-2024"]
[Site "Chess.com"]
[Date "2024.03.26"]
[Round "7"]
[White "Winner_7777"]
[Black "vlad10898"]
[Result "0-1"]
[WhiteElo "2594"]
[BlackElo "2877"]
[TimeControl "180+1"]
[EndTime "9:14:41 PDT"]
[Termination "vlad10898 won on time"]

1. d4 b5 2. e4 Bb7 3. Bd3 e6 4. f4 Nf6 5. Qe2 c5 6. c3 Qb6 7. Nf3 cxd4 8. cxd4 Nc6 9. Nc3 b4 10. Na4 Qa5 11. b3 Be7 12. O-O O-O 13. Bd2 d5 14.
e5 Ne4 15. Rac1 f5 16. exf6 Bxf6 17. Bxe4 dxe4 18. Qxe4 Rac8 19. Nc5 Ba8 20. Qxe6+ Kh8 21. Rc4 Nxd4 22. Nxd4 Rxc5 23. Be3 Rxc4 24. Qxc4 Qxa2 25. Rf2 Qb1+ 26. Rf1 Qe4 0-1

[Event "Early-Titled-Tuesday-Blitz-March-26-2024"]
[Site "Chess.com"]
[Date "2024.03.26"]
[Round "7"]
[White "Oleksandr_Bortnyk"]
[Black "baki83"]
[Result "0-1"]
[WhiteElo "3067"]
[BlackElo "2878"]
[TimeControl "180+1"]
[EndTime "9:14:42 PDT"]
[Termination "baki83 won on time"]

1. e4 c5 2. Be2 Nc6 3. d3 e6 4.
f4 d5 5. Nf3 Nf6 6. e5 Nd7 7. c3 b5 8. d4 b4 9. O-O bxc3 10.
bxc3 Qa5 11. Be3 Be7 12. Bd3 Ba6 13. f5 Rb8 14. fxe6 fxe6 15. Ng5 Bxg5 16. Qh5+ g6 17. Bxg6+ Kd8 18. Bxg5+ Kc7 19. Rf7 hxg6 20. Qxg6 Nxd4 21. h4 Rbg8 22. Rxd7+ Kxd7 23. Qf7+ Kc6 24. Bf6 Qb5 25. Nd2 Qe2 26. Bg5 Rxg5 27. hxg5 Qe3+ 28. Qf2 Ne2+ 0-1

[Event "Early-Titled-Tuesday-Blitz-March-26-2024"]
[Site "Chess.com"]
[Date "2024.03.26"]
[Round "7"]
[White "zverr1"]
[Black "Kostukov_Alex"]
[Result "1/2-1/2"]
[WhiteElo "2523"]
[BlackElo "2293"]
[TimeControl "180+1"]
[EndTime "9:14:43 PDT"]
[Termination "Game drawn by repetition"]

1. e4 c5 2. Nf3 g6 3. d4 cxd4 4. Nxd4 Bg7 5. c4 Nc6 6. Be3 Nf6 7. Nc3 Nxd4 8. Bxd4 Qa5 9. f3 d6 10. Be2 O-O 11. O-O Be6 12. Rc1 Rfc8 13. b3 a6 14. Na4 Nd7 15. Bxg7 Kxg7 16. Qd4+ f6 17. Rfd1 b5 18. cxb5 axb5 19. Nc3 b4 20. Na4 Nc5 21.
Nxc5 dxc5 22. Qb2 Qxa2 23. Qxa2 Rxa2 24. Bc4 Kf7 25. Bxe6+ Kxe6 26. Rd5 Rb2 27. Rcxc5 Rxc5 28. Rxc5 Rxb3 29. Kf2 Kd6 30. Rc8 Rb2+ 31. Kg3 b3 32. h4 h5 33. Rc3 Ke5 34. Rd3 Rb1 35. Rd5+ Ke6 36. Kf4 Kf7 37. Rb5 Ke6 38. Rd5 Rg1 39. Rd2 Rb1 40. Rd5 1/2-1/2

[Event "Early-Titled-Tuesday-Blitz-March-26-2024"]
[Site "Chess.com"]
[Date "2024.03.26"]
[Round "7"]
[White "Iball95"]
[Black "wqws"]
[Result "1-0"]
[WhiteElo "2889"]
[BlackElo "2736"]
[TimeControl "180+1"]
[EndTime "9:14:44 PDT"]
[Termination "Iball95 won by resignation"]

1. e4 e5 2. Nf3 Nc6 3. Nc3 Nf6 4. Bb5 Nd4 5. Nxd4 exd4 6. e5 dxc3 7. exf6 Qxf6 8. dxc3 Qe5+ 9. Be2 d5 10. O-O Bd6 11. g3 O-O 12. Re1 c6 13. Bd3 Qf6 14.
Qh5 h6 15. Be3 Bd7 16. h4 Qe5 17. Qf3 Rfe8 18. Bd2 Qf6 19. Qxf6 gxf6 20. Bxh6 f5 21. a4 Kh7 22. Bd2 Re4 23. Bxe4 fxe4 24. c4 Bg4 25. cxd5 cxd5 26. Be3 Be5 27. c3 Bf3 28. Rad1 Rd8 29. Bxa7 f5 30. Be3 f4 31. Bxf4 Bxf4 32. gxf4 Rg8+ 33.
Kf1 Rg4 34. Rxd5 Rxh4 35. Rg5 Rxf4 36. a5 Kh6 37. Rg3 Rf5 38. b4 Rd5 39. Kg1 Rd2 40.
Rxf3 exf3 41. Re3 1-0

[Event "Early-Titled-Tuesday-Blitz-March-26-2024"]
[Site "Chess.com"]
[Date "2024.03.26"]
[Round "7"]
[White "wonderfultime"]
[Black "Igor_Lysyj"]
[Result "0-1"]
[WhiteElo "2992"]
[BlackElo "2859"]
[TimeControl "180+1"]
[EndTime "9:14:46 PDT"]
[Termination "Igor_Lysyj won by resignation"]

1. d4 Nf6 2. Nf3 d5 3. Bf4 Bf5 4. c4 e6 5. Qb3 Nbd7 6. e3 dxc4 7. Bxc4 Nb6 8. Be2 a5 9. O-O Be7 10. Rc1 c6 11. Nbd2 a4 12. Qd1 O-O 13. a3 Rc8 14. h3 h6 15. Nc4 Nxc4 16. Bxc4 Qa5 17.
Ne5 Rfd8 18. Qf3 Be4 19. Qe2 c5 20. dxc5 Rxc5 21. Nf3 Bxf3 22. gxf3 Rdc8 23. Rc2 Qb6 24. Rac1 Bd6 25. Bxd6 Qxd6 26. Bd3 Nd7 27. f4 g6 28. Be4 Rxc2 29. Rxc2 Rxc2 30. Qxc2 Nc5 31. Bf3 b6 32. Be2 h5 33. Qc3 Qd5 34. Qb3 axb3 0-1

[Event "Early-Titled-Tuesday-Blitz-March-26-2024"]
[Site "Chess.com"]
[Date "2024.03.26"]
[Round "7"]
[White "lucasran"]
[Black "JimDiGrease"]
[Result "0-1"]
[WhiteElo "2618"]
[BlackElo "2942"]
[TimeControl "180+1"]
[EndTime "9:14:46 PDT"]
[Termination "JimDiGrease won on time"]

1. c4 e6 2. g3 d5 3. Bg2 Nf6 4. Nf3 d4 5. O-O c5 6. e3 Nc6 7. exd4 cxd4 8. d3 Bd6 9. Bg5 h6 10. Bxf6 Qxf6 11. Nbd2 Qe7 12. a3 a5 13. Qc2 O-O 14.
Ne4 Bc7 15. c5 Rd8 16. Rab1 a4 17. Rfe1 Bd7 18. b4 axb3 19. Qxb3 Ra7 20. Nfd2 Na5 21.
Qc2 Bc6 22. Nc4 Nxc4 23. Qxc4 Rxa3 24. Rec1 Qd7 25. Nd2 Bxg2 26. Kxg2 Qc6+ 27. Kg1 Rd5 28. Rb5 Rc3 29. Rxc3 dxc3 30. Ne4 c2 31. Rb2 Rxd3 32. Rxc2 Rd1+ 33. Kg2 f5 34. Re2 fxe4 35. Rxe4 Re1 36. f3 Rxe4 37. fxe4 Bb6 38. Qd4 Bxc5 0-1

[Event "Early-Titled-Tuesday-Blitz-March-26-2024"]
[Site "Chess.com"]
[Date "2024.03.26"]
[Round "7"]
[White "Rsnr"]
[Black "Grischuk"]
[Result "1/2-1/2"]
[WhiteElo "2941"]
[BlackElo "3067"]
[TimeControl "180+1"]
[EndTime "9:14:47 PDT"]
[Termination "Game drawn by repetition"]

1. d4 e6 2. c4 b6 3. a3 Bb7 4. Nc3 f5 5. d5 Nf6 6. g3 Bd6 7. Nf3 O-O 8. Bg2 Na6 9. O-O Nc5 10. Nb5 Qe7 11. Nxd6 cxd6 12. Nd4 Rac8 13. b3 Nfe4 14.
Bb2 exd5 15. cxd5 Bxd5 16. b4 Ne6 17. Rc1 Rxc1 18. Qxc1 Nxd4 19. Bxd4 Bc6 20. Qb2 Nf6 21. Rc1 Bxg2 22. Kxg2 Qe4+ 23. f3 Qe6 24. Kf2 f4 25. g4 Re8 26. Bxf6 gxf6 27. Qd2 Qe3+ 28. Qxe3 Rxe3 29.
Rc7 Rxa3 30. Rxd7 Rb3 31. Rxa7 Rxb4 32. Rd7 Rd4 33. Rb7 Rb4 34. Rd7 Rd4 35. Rb7 Rb4 36. Rd7 1/2-1/2

[Event "Early-Titled-Tuesday-Blitz-March-26-2024"]
[Site "Chess.com"]
[Date "2024.03.26"]
[Round "7"]
[White "mortngabriel"]
[Black "Felix-Rose"]
[Result "0-1"]
[WhiteElo "2473"]
[BlackElo "2238"]
[TimeControl "180+1"]
[EndTime "9:14:47 PDT"]
[Termination "Felix-Rose won by resignation"]

1. e4 e5 2. f4 exf4 3. Nf3 Nf6 4. e5 Nh5 5. d4 g6 6. g4 fxg3 7. Nc3 d6 8. Bg5 Qd7 9. Qd2 h6 10. Be3 Nc6 11. O-O-O dxe5 12. d5 Nb4 13. a3 Qf5 14. Nh4 Qg4 15. axb4 Qxh4 16. Bb5+ Bd7 17. Bxd7+ Kxd7 18. Na4 Qxb4 19. Nc3 gxh2 20. Rxh2 Bd6 21. Bxh6 Nf4 22.
Bxf4 exf4 23. Rdh1 Rxh2 24. Rxh2 f3 25. Rf2 Bf4 0-1

[Event "Early-Titled-Tuesday-Blitz-March-26-2024"]
[Site "Chess.com"]
[Date "2024.03.26"]
[Round "7"]
[White "jcmesafischer"]
[Black "IshviAggarwal"]
[Result "1-0"]
[WhiteElo "2357"]
[BlackElo "2176"]
[TimeControl "180+1"]
[EndTime "9:14:47 PDT"]
[Termination "jcmesafischer won by checkmate"]

1. e4 e5 2. Nf3 Nc6 3. Bc4 Bc5 4.
c3 Nf6 5. d3 d6 6. Nbd2 a6 7.
a4 Ba7 8. Nf1 Ne7 9. Ng3 Ng6 10.
O-O O-O 11. d4 c6 12. d5 b5 13. Bb3 cxd5 14. exd5 Bb7 15. Be3 Bxe3 16. fxe3 Qb6 17. Nf5 Nf4 18. a5 Qc5 19. Ng5 h6 20. Nh3 N4xd5 21. Bxd5 Nxd5 22. Qg4 g6 23. Nxh6+ Kh7 24. Ng5+ Kg7 25. Rxf7+ Rxf7 26. Ne6+ Kxh6 27. Qh4# 1-0